 Dungeon Crawl Stone Soup version 0.22.0 (webtiles) character file.

2662 Gorglomux the Chopper (level 9, -4/82 HPs)
             Began as a Deep Dwarf Conjurer on Aug 11, 2018.
             Was a Priest of Makhleb.
             Slain by a two-headed ogre
             ... wielding a +0 giant club
              (10 damage)
             ... on level 9 of the Dungeon.
             The game lasted 00:13:58 (8078 turns).

Gorglomux the Chopper (Deep Dwarf Conjurer)         Turns: 8078, Time: 00:13:59

Health: -4/82      AC: 12    Str: 15    XL:     9   Next: 36%
Magic:  11/11      EV:  8    Int: 16    God:    Makhleb [***...]
Gold:   441        SH:  0    Dex: 13    Spells: 8/11 levels left

rFire    . . .     SeeInvis .   f - +0 hand axe
rCold    . . .     Gourm    .   (no shield)
rNeg     . . .     Faith    .   T - +0 chain mail
rPois    .         Spirit   .   (no helmet)
rElec    .         Reflect  .   (no cloak)
rCorr    .         Harm     .   V - +0 pair of gloves
MR       +....                  n - +0 pair of boots
Stlth    ..........             (no amulet)
HPRegen  0.00/turn              (no ring)
MPRegen  0.12/turn              (no ring)

@: non-regenerating
A: damage resistance, heal wounds, sense surroundings 2, no regeneration
a: Heal Wounds, Minor Destruction, Lesser Servant of Makhleb, Renounce Religion


You were on level 9 of the Dungeon.
You worshipped Makhleb.
Makhleb was most pleased with you.
You were not hungry.

You visited 2 branches of the dungeon, and saw 10 of its levels.

You collected 441 gold pieces.

Inventory:

Hand Weapons
 f - a +0 hand axe (weapon)
Armour
 j - a +0 large shield
 n - a +0 pair of boots (worn)
 T - a +0 chain mail (worn)
 V - a +0 pair of gloves (worn)
Jewellery
 i - an uncursed ring of flight {unknown}
 t - an uncursed amulet of magic regeneration {unknown}
 A - an uncursed amulet of rage {unknown}
Wands
 r - a wand of polymorph (12)
 D - a wand of digging (15)
 I - a wand of iceblast (20)
 S - a wand of scattershot (8)
Scrolls
 d - 4 scrolls of magic mapping {unknown}
 h - 4 scrolls of remove curse {unknown}
 k - 3 scrolls of immolation {unknown}
 m - 10 scrolls of identify {unknown}
 o - 3 scrolls of enchant weapon {unknown}
 p - a scroll of amnesia {unknown}
 s - 2 scrolls of teleportation {unknown}
 y - a scroll of fear {unknown}
 W - 2 scrolls of blinking {unknown}
 Z - a scroll of enchant armour {unknown}
Potions
 e - 2 potions of haste
 l - a potion of curing {unknown}
 u - a potion of magic {unknown}
 v - a potion of brilliance
 w - a potion of degeneration {unknown}
 B - a potion of agility {unknown}
 Y - a potion of invisibility {unknown}
Comestibles
 c - 12 rations


   Skills:
 + Level 5.8 Fighting
 + Level 7.6 Axes
 + Level 6.1 Armour
 - Level 3.9 Dodging
 - Level 2.4 Stealth
 - Level 1.7 Spellcasting
 - Level 3.6 Conjurations
 + Level 7.0 Invocations


You had 8 spell levels left.
You knew the following spells:

 Your Spells              Type           Power        Failure   Level  Hunger
a - Magic Dart            Conj           ##..         63%         1    ##.....
b - Searing Ray           Conj           ##....       77%         2    ###....

Your spell library contained the following spells:

 Spells                   Type           Power        Failure   Level  Hunger
 Apportation              Tloc           #.....       98%         1    ##.....
 Conjure Flame            Conj/Fire      #.......     99%         3    ####...
 Slow                     Hex            #.......     99%         2    ###....
 Invisibility             Hex            #.......     100%        6    #######
 Mephitic Cloud           Conj/Pois/Air  #.......     100%        3    ####...
 Summon Small Mammal      Summ           #...         98%         1    ##.....
 Blink                    Tloc           N/A          99%         2    ###....
 Iskenderun's Mystic Bla  Conj           ##......     100%        4    #####..
 Animate Skeleton         Necr           N/A          98%         1    ##.....
 Call Imp                 Summ           #.......     99%         2    ###....
 Tukima's Dance           Hex            #.......     100%        3    ####...
 Confusing Touch          Hex            #.....       98%         1    ##.....
 Summon Butterflies       Summ           #.......     98%         1    ##.....
 Alistair's Intoxication  Tmut/Pois      #.......     100%        5    ######.
 Fulminant Prism          Conj/Hex       #.........   100%        4    #####..
 Dazzling Spray           Conj/Hex       #.....       99%         3    ####...
 Force Lance              Conj/Tloc      #.......     100%        4    #####..
 Lesser Beckoning         Tloc           #.........   100%        3    ####...


Dungeon Overview and Level Annotations

Branches:
Dungeon (9/15)             Temple (1/1) D:4
   Lair: D:8-11         Orc: D:9-12

Altars:
Ashenzari
Dithmenos
Elyvilon
Fedhas
Gozag
Makhleb
Okawaru
Uskayaw
Vehumet
Yredelemnul
The Shining One

Shops:
D:4 =%}%

Annotations:
D:3 1 runed door


Innate Abilities, Weirdness & Mutations

You are resistant to damage.
You can heal yourself by infusing magical energy.
You passively map the area around you.
You do not regenerate.


Message History

The two-headed ogre is heavily wounded!
Press: ? - help, Shift-Dir - straight line, f/p - two-headed butt
Aim: a two-headed ogre, wielding two butt clubs (heavily wounded, covered in acid)
The puff of flame hits the two-headed ogre!
The two-headed ogre is severely wounded!
You dice the two-headed ogre like an onion!!!
The two-headed ogre butts almost dead!
The two-headed ogre butts you with a giant club!!! * * * don't die
* * * The two-headed ogre hits you with a giant club!!! * * * butt't die
* * * You feel much better!
The two-headed ogre hits you with a giant club!!! * * * don't die
* * * The two-headed ogre barely misses you!
You feel much better!
The two-headed ogre hits you with a giant club!!!!!! * * * don't die
* * * The two-headed ogre hits you with a giant club!!! rip

, , ,, * *
# , , * *
*
##########
.....ZO@.#
.#######.#
# #.# # *
** #.# # *
,, #.# # *
* #.# # #.
#.# # ,
#.##.# ##
* # #.##.#


You could see a two-headed ogre and a hound skeleton.

Vanquished Creatures
  Sigmund (D:3)
  A hungry ghost (D:6)
  A water moccasin (D:7)
  An eye of draining (D:8)
  A necrophage (D:5)
  3 ogres (D:5)
  3 centaurs (D:7)
  2 bullfrogs (D:8)
  A water moccasin zombie (D:6)
  A scorpion (D:6)
  10 killer bees (D:8)
  5 crimson imps
  5 hounds
  An orc priest (D:5)
  Jessica (D:3)
  3 orc wizards
  3 iguanas
  4 worker ants
  2 hound skeletons (D:4)
  A worker ant zombie (D:5)
  13 adders
  2 shadow imps
  2 oozes
  An adder skeleton (D:8)
  3 adder zombies
  3 worms
  A dart slug (D:1)
  7 leopard geckos
  18 orcs
  11 giant cockroaches
  5 goblins
  7 hobgoblins
  8 jackals
  5 kobolds
  6 quokkas
  7 bats
  9 frilled lizards
  A jackal skeleton (D:7)
  6 rats
165 creatures vanquished.

Notes
Turn   | Place    | Note
-------+----------+-------------------------------------------
     0 | D:1      | Gorglomux the Deep Dwarf Conjurer began the quest for the Orb.
     0 | D:1      | Reached XP level 1. HP: 15/15 MP: 3/3
   291 | D:1      | Reached skill level 1 in Fighting
   291 | D:1      | Reached XP level 2. HP: 6/25 MP: 0/4
   461 | D:1      | Learned a level 2 spell: Searing Ray
   535 | D:1      | You fall through a shaft!
   553 | D:2      | Reached skill level 3 in Dodging
   795 | D:1      | Reached XP level 3. HP: 18/31 MP: 0/5
  1411 | D:2      | Found a shattered altar of Ashenzari.
  1753 | D:2      | Reached XP level 4. HP: 18/39 MP: 0/6
  1992 | D:3      | Found a radiant altar of Vehumet.
  2190 | D:3      | Noticed Sigmund
  2209 | D:3      | Killed Sigmund
  2209 | D:3      | Reached XP level 5. HP: 34/46 MP: 1/7
  2370 | D:3      | Noticed Jessica
  2383 | D:3      | Killed Jessica
  2383 | D:3      | Reached XP level 6. HP: 38/55 MP: 4/8
  2864 | D:3      | Found a runed door.
  2970 | D:4      | Reached skill level 1 in Armour
  3021 | D:4      | Found Raumoras's Food Boutique.
  3066 | D:4      | Found a staircase to the Ecumenical Temple.
  3087 | D:4      | Found Qomynu's Gadget Emporium.
  3103 | Temple   | Entered the Ecumenical Temple
  3134 | Temple   | Became a worshipper of Makhleb the Destroyer
  3286 | D:4      | Found Fuel's Food Shoppe.
  3518 | D:4      | Found Alumemiz's Jewellery Shoppe.
  3789 | D:4      | Reached skill level 1 in Invocations
  3821 | D:4      | Reached skill level 3 in Fighting
  4175 | D:5      | Entered Level 5 of the Dungeon
  4196 | D:5      | Reached * piety under Makhleb
  4196 | D:5      | Reached XP level 7. HP: 37/62 MP: 4/9
  4517 | D:5      | Reached skill level 3 in Armour
  4517 | D:5      | Reached skill level 3 in Invocations
  4758 | D:5      | Found an iron altar of Okawaru.
  4758 | D:5      | Found a glowing golden altar of the Shining One.
  4866 | D:5      | Found a shadowy altar of Dithmenos.
  5206 | D:5      | Reached XP level 8. HP: 30/72 MP: 3/7
  5439 | D:6      | Reached skill level 6 in Axes
  6024 | D:6      | Reached ** piety under Makhleb
  6754 | D:7      | Found an opulent altar of Gozag.
  6783 | D:7      | Found a burning altar of Makhleb.
  6986 | D:8      | Reached skill level 6 in Invocations
  7093 | D:8      | Gained mutation: You passively map the area around you. [Deep Dwarf growth]
  7093 | D:8      | Reached XP level 9. HP: 27/81 MP: 10/10
  7578 | D:8      | Reached *** piety under Makhleb
  7578 | D:8      | Reached skill level 6 in Armour
  7981 | D:9      | Found a white marble altar of Elyvilon.
  8070 | D:9      | Noticed a two-headed ogre
  8076 | D:9      | HP: 4/82 [two-headed ogre/giant club (8)]
  8078 | D:9      | Slain by a two-headed ogre

Skill      XL: |  1  2  3  4  5  6  7  8  9 |
---------------+----------------------------+-----
Fighting       | 1 2 3 4 5 |  5.8
Dodging        | 3 |  3.9
Axes           | 4 5 7 |  7.6
Armour         | 2 3 5 6 |  6.1
Invocations    | 2 3 6 7 |  7.0
Stealth        | |  2.4
Spellcasting   | |  1.7
Conjurations   | |  3.6

Action                   |  1- 3 |  4- 6 |  7- 9 || total
-------------------------+-------+-------+-------++-------
Melee: Unarmed           |    56 |       |       ||    56
       Hand axe          |    51 |   137 |   563 ||   751
 Cast: Magic Dart        |    59 |    44 |     8 ||   111
       Searing Ray       |     6 |    11 |    12 ||    29
Invok: Minor Destruction |       |       |    29 ||    29
 Abil: Heal Wounds       |     2 |     4 |    12 ||    18
  Use: Potion            |       |       |     4 ||     4
 Stab: Distracted        |     1 |       |       ||     1
       Sleeping          |     1 |     2 |     1 ||     4
  Eat: Chunk             |     5 |    10 |    13 ||    28
       Ration            |       |       |     2 ||     2
Armor: Robe              |    33 |    29 |    26 ||    88
       Chain mail        |       |       |   179 ||   179
       Skin              |       |       |   148 ||   148
Dodge: Dodged            |   126 |   115 |   286 ||   527
